 Dungeon Crawl Stone Soup version 0.21.1-1-g345015f (webtiles) character file.

142 Kairos the Skirmisher (level 5, -2/43 HPs)
             Began as a Formicid Abyssal Knight on Mar 27, 2018.
             Was a Believer of Lugonu.
             Splashed by a jelly's acid (9 damage)
             ... on level 2 of the Dungeon.
             The game lasted 00:02:59 (1626 turns).

Kairos the Skirmisher (Formicid Abyssal Knight)     Turns: 1626, Time: 00:03:01

Health: -2/43      AC:  0    Str: 16    XL:     5   Next: 49%
Magic:  7/7        EV:  9    Int: 12    God:    Lugonu [**....]
Gold:   104        SH:  0    Dex: 11    Spells: 4/4 levels left

rFire    . . .     SeeInvis +   e - +2 hand axe (freeze)
rCold    + . .     Gourm    .   (no shield)
rNeg     . . .     Faith    .   j - +0 scale mail
rPois    .         Spirit   .   (helmet unavailable)
rElec    .         Reflect  .   (no cloak)
rCorr    .         Harm     .   (no gloves)
MR       .....                  (no boots)
Stlth    ..........             (no amulet)
HPRegen  0.14/turn              d - +5 ring of protection
MPRegen  0.10/turn              v - ring of protection from cold

@: corroded
A: permanent stasis, dig shafts and tunnels, four strong arms, antennae 3
a: Dig, Shaft Self, Depart the Abyss, Bend Space, Renounce Religion


You were on level 2 of the Dungeon.
You worshipped Lugonu.
Lugonu was pleased with you.
You were not hungry.

You visited 1 branch of the dungeon, and saw 2 of its levels.
You visited the Abyss 1 time.

You collected 104 gold pieces.

Inventory:

Hand Weapons
 a - a +1 hand axe
 e - a +2 hand axe of freezing (weapon)
 r - a +0 flail of protection
Armour
 b - a +0 leather armour
 j - a +0 scale mail (worn)
Jewellery
 d - a +5 ring of protection (left hand)
 q - an uncursed ring of positive energy
 v - a ring of protection from cold (right hand)
Scrolls
 g - a scroll of amnesia {unknown}
 i - 2 scrolls of identify {unknown}
 n - a scroll of noise {unknown}
 o - a scroll of remove curse {unknown}
 p - a scroll of teleportation {unknown}
 s - a scroll of enchant weapon {unknown}
Potions
 f - a potion of lignification {unknown}
 h - a potion of degeneration {unknown}
 k - 2 potions of mutation {unknown}
 l - 2 potions of magic {unknown}
 m - a potion of curing {unknown}
 t - a potion of ambrosia {unknown}
Comestibles
 c - 3 rations


   Skills:
 + Level 4.4 Fighting
 + Level 3.2 Axes
 + Level 3.2 Armour
 + Level 1.3 Dodging
 + Level 2.8 Invocations


You had 4 spell levels left.
You didn't know any spells.

Dungeon Overview and Level Annotations

Branches:
Dungeon (2/15)

Altars:


Innate Abilities, Weirdness & Mutations

You cannot be hasted, slowed, berserked, paralysed or teleported.
You can dig through walls and to a lower floor.
Your four strong arms can wield two-handed weapons with a shield.
You have a pair of large antennae on your head. (SInv)


Message History

You hit the jelly. You freeze the jelly. The acid corrodes you!
Your hands burn!
The jelly is heavily wounded.
The jelly hits you but does no damage.
You hit the jelly. You freeze the jelly. The acid corrodes you!
Your hands burn!
The jelly is severely wounded.
The jelly hits you.
You are splashed with acid!
The acid burns!
You hit the jelly but do no damage.
Your hands burn!
The jelly is severely wounded.
The jelly closely misses you. The jelly hits you.
You are splashed with acid!
The acid burns!
* * * LOW HITPOINT WARNING * * *
You hit the jelly but do no damage. The acid corrodes you!
Your hands burn!
* * * LOW HITPOINT WARNING * * *
The jelly is severely wounded.
The jelly hits you.
* * * LOW HITPOINT WARNING * * *
You are splashed with acid!
The acid burns!
You die...

#.....######(('######.........#.#
......# ##.).## #...........#.#
#.....# ##.))..###.#.#.......#.#
#..#### #.......##.#.#.......#.#
#..# #.......##.#.#.###...#.#
#.)# #.......##.......#...#.#
#..# #[......##.#.#.#.#...#.#
#..# #....#######.#.#....[#.#
..÷# #....'.@## #.#.###.....#
.#.# ########J# #............
.#.# ##J†.{{{## ###.#####.###
...# #J####### #.....#.#
#..######÷.....J.. ###.###.##
#.>.†..##..÷...J.. #........#
######)##.P.÷..... #.#......#
####.##.PJ...... #.######.#
#....##......... #.# #.#


You could see a jelly.

Vanquished Creatures
  A jelly (D:2)
  3 gnolls (D:2)
  An adder (D:2)
  5 oozes (D:2)
  2 worms (D:2)
  A leopard gecko (D:1)
  A ball python (D:1)
  2 bats (D:1)
  10 hobgoblins
  2 jackals (D:1)
  10 kobolds
  3 frilled lizards (D:1)
  3 goblins
  6 rats
50 creatures vanquished.

Vanquished Creatures (others)
  4 fungi (D:2)
  10 toadstools (D:2)
14 creatures vanquished.

Grand Total: 64 creatures vanquished

Notes
Turn   | Place    | Note
-------+----------+-------------------------------------------
     0 | Abyss:1  | Kairos the Formicid Abyssal Knight began the quest for the Orb.
     0 | Abyss:1  | Reached XP level 1. HP: 18/18 MP: 2/2
    57 | Abyss:1  | Noticed a vampire mage
    58 | D:1      | Escaped the Abyss
   112 | D:1      | Reached XP level 2. HP: 24/24 MP: 3/3
   119 | D:1      | Reached * piety under Lugonu
   339 | D:1      | Reached XP level 3. HP: 29/30 MP: 4/4
   340 | D:1      | Reached skill level 4 in Fighting
   753 | D:2      | Reached skill level 1 in Dodging
   753 | D:2      | Reached XP level 4. HP: 14/37 MP: 6/6
  1429 | D:2      | Reached XP level 5. HP: 26/43 MP: 7/7
  1591 | D:2      | Reached ** piety under Lugonu
  1626 | D:2      | Splashed by a jelly's acid

Skill      XL: |  1  2  3  4 |
---------------+-------------+-----
Fighting       | 4 |  4.4
Dodging        | 1 |  1.3
Axes           | 3 |  3.2
Armour         | 3 |  3.2
Invocations    | |  2.8

Action                   |  1- 3 |  4- 6 || total
-------------------------+-------+-------++-------
Melee: Hand axe          |    51 |    52 ||   103
Invok: Depart the Abyss  |     1 |       ||     1
  Eat: Chunk             |       |     2 ||     2
Armor: Leather armour    |     5 |       ||     5
       Scale mail        |    20 |    18 ||    38
Dodge: Dodged            |    26 |    23 ||    49
